 Dungeon Crawl Stone Soup version 0.27-a0-54-g64bdb92e38 (webtiles) character file.

Game seed: 5829732512834276902

139818 kae the Brawler (level 17, -5/123 HPs)
             Began as an Octopode Transmuter on Jan 7, 2021.
             Was the Champion of Wu Jian.
             Slain by an Executioner (22 damage)
             ... created by a Zot trap
             ... on level 15 of the Dungeon.
             The game lasted 00:34:43 (46088 turns).

kae the Brawler (Octopode Transmuter)              Turns: 46088, Time: 00:34:44

Health: -5/123     AC:  3    Str: 15    XL:     17   Next: 29%
Magic:  0/21       EV: 23    Int: 13    God:    Wu Jian [******]
Gold:   2361       SH:  0    Dex: 10    Spells: 9/22 levels left

rFire    + . .     SeeInvis .     - Unarmed
rCold    . . .     Faith    .   (no shield)
rNeg     + . .     Spirit   +   J - +2 hat {Will+}
rPois    +         Reflect  .   r - amulet "Gegaenn" {Spirit +Fly rPois Dex-5}
rElec    .         Harm     .   o - ring of Saciwuf {+Blink EV+4}
rCorr    .         Rampage  .   z - ring of stealth
Will     +++..                  u - ring of fire
Stlth    ++++......             y - ring of willpower
HPRegen  0.30/turn              K - +4 ring of slaying
MPRegen  0.17/turn              P - ring "Atrejoyp" {rN+ Int-3 Dex+2 Slay+2}
                                U - ring "Zooceri" {rC+ Stlth+}
                                (no ring)

@: no status effects
A: almost no armour, stealthy swim, amphibious, 8 rings, constrict 8, camouflage
1, gelatinous body 1
a: Renounce Religion, Evoke Blink, Evoke Flight, Wall Jump, Serpent's Lash,
Heavenly Storm


You were on level 15 of the Dungeon.
You worshipped Wu Jian.
Wu Jian was exalted by your worship.
You visited 4 branches of the dungeon, and saw 24 of its levels.
You also visited: Bailey and Gauntlet.

You collected 2403 gold pieces.
You spent 42 gold pieces at shops.

Inventory:

Armour
 J - a +2 hat of willpower (worn)
Jewellery
 o - the ring of Saciwuf (left tentacle) {+Blink EV+4}
   (You found it on level 5 of the Dungeon)

   [ring of evasion]

   It affects your evasion (+4).
   It lets you blink.
 r - the amulet "Gegaenn" (around mantle) {Spirit +Fly rPois Dex-5}
   (You found it on level 6 of the Dungeon)

   [amulet of guardian spirit]

   It causes incoming damage to be split between your health and magic.
   It affects your dexterity (-5).
   It protects you from poison.
   It lets you fly.
 u - a ring of fire (on tentacle)
 y - a ring of willpower (on tentacle)
 z - a ring of stealth (right tentacle)
 E - an uncursed amulet of guardian spirit
 I - an uncursed amulet of reflection
 K - a +4 ring of slaying (on tentacle)
 P - the ring "Atrejoyp" (on tentacle) {rN+ Int-3 Dex+2 Slay+2}
   (You found it in a Gauntlet)

   [ring of positive energy]

   It affects your intelligence (-3).
   It affects your dexterity (+2).
   It affects your accuracy and damage with ranged weapons and melee attacks
   (+2).
   It protects you from negative energy.
 R - an uncursed ring of ice
 U - the ring "Zooceri" (on tentacle) {rC+ Stlth+}
   (You found it on level 13 of the Dungeon)

   [ring of stealth]

   It protects you from cold.
   It makes you more stealthy.
 V - an uncursed ring of see invisible
Wands
 j - a wand of flame (50)
 m - a wand of enslavement (5)
 p - a wand of digging (6)
 v - a wand of iceblast (18)
 w - a wand of polymorph (11)
 C - a wand of disintegration (18)
 D - a wand of paralysis (6)
 F - a wand of acid (23)
 H - a wand of random effects (51)
Scrolls
 a - 10 scrolls of teleportation
 b - 13 scrolls of remove curse
 k - 3 scrolls of enchant armour
 l - 5 scrolls of amnesia
 q - 5 scrolls of enchant weapon
 A - a scroll of torment
 B - 4 scrolls of fog
 G - a scroll of holy word
 L - 2 scrolls of identify
 M - a scroll of fear
 O - 2 scrolls of brand weapon
 Q - 2 scrolls of silence
 S - a scroll of immolation
Potions
 c - 5 potions of ambrosia
 d - 3 potions of lignification
 e - 11 potions of curing
 f - 4 potions of berserk rage
 g - 5 potions of brilliance
 h - 3 potions of haste
 i - 5 potions of might
 n - 2 potions of cancellation
 s - 4 potions of heal wounds
 t - a potion of flight
 x - 3 potions of mutation


   Skills:
 + Level 13.2 Fighting
 + Level 13.3 Dodging
 * Level 17.9 Unarmed Combat
 - Level 3.0 Spellcasting
 + Level 13.2 Transmutations
 - Level 3.0 Ice Magic
 - Level 3.0 Evocations


You had 9 spell levels left.
You knew the following spells:

 Your Spells              Type           Power        Failure   Level
a - Beastly Appendage     Tmut           72%          1%          1
b - Spider Form           Tmut/Pois      9%           4%          3
c - Ice Form              Ice/Tmut       23%          9%          4
d - Blade Hands           Tmut           18%          2%          5

Your spell library contained the following spells:

 Spells                   Type           Power        Failure   Level
 Wereblood                Tmut           36%          1%          2
 Passwall                 Tmut/Erth      15%          2%          2
 Freeze                   Ice            36%          7%          1
 Petrify                  Tmut/Erth      19%          16%         4
 Ensorcelled Hibernation  Hex/Ice        10%          19%         2
 Frozen Ramparts          Ice            18%          21%         3
 Ozocubu's Armour         Ice            9%           21%         3
 Corona                   Hex            1%           22%         1
 Foxfire                  Conj/Fire      8%           22%         1
 Sandblast                Erth           2%           22%         1
 Summon Small Mammal      Summ           4%           22%         1
 Call Imp                 Summ           1%           34%         2
 Call Canine Familiar     Summ           1%           56%         3
 Confusing Touch          Hex            1%           56%         3
 Dazzling Flash           Conj/Hex       2%           56%         3
 Lesser Beckoning         Tloc           0%           56%         3
 Stone Arrow              Conj/Erth      2%           56%         3
 Summon Guardian Golem    Hex/Summ       1%           56%         3
 Teleport Other           Tloc           1%           56%         3
 Tukima's Dance           Hex            1%           56%         3
 Hailstorm                Conj/Ice       5%           77%         4
 Summon Ice Beast         Ice/Summ       5%           77%         4
 Summon Lightning Spire   Summ/Air       1%           92%         4
 Bolt of Magma            Conj/Fire/Erth 1%           99%         5
 Iskenderun's Battlesphe  Conj           1%           99%         5
 Lee's Rapid Deconstruct  Erth           0%           99%         5
 Summon Demon             Summ           0%           99%         5
 Summon Forest            Summ/Tloc      0%           99%         5
 Summon Mana Viper        Hex/Summ       1%           99%         5
 Iron Shot                Conj/Erth      0%           100%        6
 Shadow Creatures         Summ           N/A          100%        6
 Malign Gateway           Summ/Tloc      0%           100%        7
 Orb of Destruction       Conj           0%           100%        7
 Spellforged Servitor     Conj/Summ      0%           100%        7
 Summon Hydra             Summ           0%           100%        7


Dungeon Overview and Level Annotations

Branches:
Dungeon (15/15)            Temple (1/1) D:6            Lair (6/6) D:8
 Shoals (0/4) Lair:4       Spider (0/4) Lair:2        Slime (0/5) Lair:6
    Orc (2/2) D:11            Elf (0/3) Orc:2        Vaults (0/5) D:14
 Bailey (visited)         Gauntlet (visited)
 Depths: D:15

Altars:
Ashenzari
Cheibriados
Dithmenos
Elyvilon
Fedhas
Gozag
Hepliaklqana
Kikubaaqudgha
Makhleb
Nemelex Xobeh
Okawaru
Qazlal
Ru
Sif Muna
Trog
Uskayaw
Vehumet
Wu Jian
Xom
Yredelemnul
Zin
The Shining One
Lugonu

Shops:
D:8 [   D:10 *   D:12 [   D:13 !   Orc:1 :   Orc:2 }!!?

Annotations:
D:15 3 runed translucent doors, Zam Nuan's ghost, journeyman GnFi
Lair:4 2 transporters, bmj180's ghost, journeyman DrCj
Orc:2 exclusion: Sonja


Innate Abilities, Weirdness & Mutations

You cannot wear most types of armour.
You are very stealthy in the water. (Stealth+)
You are amphibious.
You can wear up to eight rings at the same time.
You can use your tentacles to constrict eight enemies at once.
Your skin changes colour to match your surroundings (Stealth+).
Your rubbery body absorbs attacks. (AC +1, EV +1)


Message History

Okay, then.
The Executioner hits you!!
* * * LOW HITPOINT WARNING * * *
The Executioner hits you.
* * * LOW HITPOINT WARNING * * *
The Executioner hits you.
* * * LOW HITPOINT WARNING * * *
The Executioner hits you!
* * * LOW HITPOINT WARNING * * *
The Executioner hits you!
* * * LOW HITPOINT WARNING * * *
The Executioner closely misses you.
You feel much better. The Executioner completely misses you.
The Executioner hits you.
* * * LOW HITPOINT WARNING * * *
The Executioner hits you!
* * * LOW HITPOINT WARNING * * *
The Executioner closely misses you. The Executioner barely misses you.
The Executioner misses you. The Executioner hits you!!
You die...

!#.#.#.^..#
[..W^+....##
?#.#.+.^.^.########
?.F.y+..^.).......#
g#u#.^.^.<......####
W^#^...............
..#.^.^..).......# .
#^1^....).)..##
#@^Z^.!...)..#
####.........#
###########


You could see an Executioner (fast), a wraith (wandering), a meliai and a
centaur warrior skeleton.

Vanquished Creatures
  Gastronok (D:10)
  Kirke (D:14)
  3 orc warlords
  3 entropy weavers (D:13)
  A minotaur (Gauntlet)
  The ghost of Ge0ff the Slicer, a journeyman HuEE of Kikubaaqudgha (D:11)
  A yaktaur captain (D:14)
  Fannar (D:11)
  A hell beast (Gauntlet)
  6 hydras
  A merfolk avatar (Lair:6)
  3 ghost crabs (D:13)
  2 boulder beetles (D:14)
  Erica (D:9)
  10 two-headed ogres
  A centaur warrior (D:14)
  A tengu warrior (D:11)
  4 orc high priests
  15 death yaks
  A dancing weapon (D:14)
  A soul eater (Gauntlet)
  Sonja (Orc:2)
  4 fire crabs (D:13)
  A death drake (Lair:1)
  2 cherubim (D:14)
  A skeletal warrior (D:13)
  A sea snake (Lair:6)
  2 glowing orange brains (Gauntlet)
  An unseen horror (D:10)
  A wizard (D:14)
  5 orc knights
  2 deep elf magi
  2 harpies (Lair:6)
  7 orc sorcerers
  8 ugly things
  2 cyclopes (D:11)
  2 manticores
  16 elephants (Lair:6)
  Maurice (D:9)
  A moth of wrath (D:11)
  3 black mambas
  3 centaur zombies
  2 gargoyles (D:14)
  An apocalypse crab (D:13)
  17 cane toads
  2 yaktaurs (D:14)
  A torpor snail (Lair:5)
  9 komodo dragons
  A minotaur zombie (Gauntlet)
  3 rime drakes
  A freezing wraith (D:14)
  A tengu conjurer (D:10)
  A merfolk (Lair:4)
  7 polar bears
  5 trolls
  A hornet (Lair:4)
  A wind drake (Lair:6)
  13 slime creatures
  15 blink frogs
  A shadow (D:13)
  Sigmund (D:2)
  A spriggan (Lair:4)
  8 wyverns
  2 hogs (D:14)
  2 basilisks
  56 yaks
  5 vampire mosquitoes (D:13)
  Menkaure (D:7)
  11 wargs
  14 water moccasins
  Duvessa (D:7)
  A hell hound (Gauntlet)
  44 orc warriors
  4 black bears
  4 ice beasts
  3 phantoms
  3 sky beasts
  An eye of draining (D:11)
  7 ogres
  36 wolves (Lair:4)
  4 centaurs
  2 big kobolds
  22 bullfrogs
  2 wyvern skeletons
  Dowan (D:7)
  3 scorpions
  24 killer bees
  15 wights
  4 howler monkeys
  7 hounds
  7 jellies
  26 orc priests
  Crazy Yiuf (D:5)
  2 bullfrog skeletons
  36 orc wizards
  4 centaur skeletons
  2 iguanas
  15 worker ants
  A killer bee zombie (D:10)
  A hound skeleton (D:9)
  2 hound zombies
  A howler monkey skeleton (D:11)
  18 gnolls
  7 adders
  8 shadow imps
  A white imp (D:8)
  An ufetubus (D:5)
  7 oozes
  An adder zombie (D:5)
  2 adder skeletons
  3 worms
  3 dart slugs
  A leopard gecko (D:4)
  121 orcs
  13 giant cockroaches
  8 goblins
  10 hobgoblins
  18 jackals
  7 quokkas
  9 bats
  3 frilled lizards
  20 kobolds
  A leopard gecko skeleton (D:4)
  A leopard gecko zombie (D:7)
  2 quokka skeletons
  A quokka zombie (D:5)
  12 rats
872 creatures vanquished.

Vanquished Creatures (others)
  A yak (Lair:6)
  An orc priest (Orc:2)
  An orc (Orc:1)
  2 demonic plants (Gauntlet)
  49 fungi
  93 plants
147 creatures vanquished.

Grand Total: 1019 creatures vanquished

Notes
Turn   | Place    | Note
-------+----------+-------------------------------------------
     0 | D:1      | kae the Octopode Transmuter began the quest for the Orb.
     0 | D:1      | Reached XP level 1. HP: 13/13 MP: 3/3
     0 | D:1      | Noticed a jelly
     1 | D:1      | Found a runed translucent door.
   228 | D:1      | Reached XP level 2. HP: 13/18 MP: 3/5
   832 | D:1      | Reached XP level 3. HP: 20/23 MP: 4/6
  1050 | D:1      | Learned a level 3 spell: Spider Form
  1066 | D:1      | Reached XP level 4. HP: 11/28 MP: 4/7
  2186 | D:2      | Noticed Sigmund
  2216 | D:2      | Found a basalt altar of Yredelemnul.
  2389 | D:2      | Reached skill level 4 in Unarmed Combat
  2707 | D:2      | Reached XP level 5. HP: 34/34 MP: 6/8
  3082 | D:2      | You fall into a shaft and drop 2 floors!
  3214 | D:4      | Reached XP level 6. HP: 13/41 MP: 10/10
  3472 | D:4      | Learned a level 4 spell: Ice Form
  3482 | D:4      | Found a shimmering blue altar of Sif Muna.
  3624 | D:4      | Found a bloodstained altar of Trog.
  3625 | D:4      | Found an iron altar of Okawaru.
  3722 | D:4      | Reached skill level 5 in Unarmed Combat
  4138 | D:4      | Reached skill level 1 in Ice Magic
  4138 | D:4      | Reached XP level 7. HP: 39/45 MP: 9/11
  4481 | D:3      | You fall into a shaft and drop 2 floors!
  4481 | D:5      | Entered Level 5 of the Dungeon
  4753 | D:3      | Found a faded altar of an unknown god.
  4929 | D:3      | Found a hide-covered altar of Uskayaw.
  5626 | D:3      | Found a glowing golden altar of the Shining One.
  6019 | D:2      | Noticed a green death
  6020 | D:2      | Found a burning altar of Makhleb.
  6023 | D:2      | Found a glowing silver altar of Zin.
  6023 | D:2      | Noticed an angel
  6720 | D:5      | Reached XP level 8. HP: 49/52 MP: 10/12
  6823 | D:5      | Got a warped steel ring
  6849 | D:5      | Identified the ring of Saciwuf {+Blink EV+4} (You found it
                  | on level 5 of the Dungeon)
  6902 | D:5      | Reached skill level 6 in Unarmed Combat
  7241 | D:5      | Found a runed translucent door.
  7242 | D:5      | Noticed Crazy Yiuf
  7251 | D:5      | Killed Crazy Yiuf
  7860 | D:6      | Reached skill level 1 in Evocations
  7928 | D:6      | Found a staircase to the Ecumenical Temple.
  7952 | Temple   | Entered the Ecumenical Temple
  8043 | Temple   | Became a worshipper of the Wu Jian Council
  8118 | D:6      | Found a large runed translucent door.
  8118 | D:6      | Found a large runed translucent door.
  8421 | D:6      | Got a translucent jade amulet
  8443 | D:6      | Found a large runed translucent door.
  8443 | D:6      | Found a large runed translucent door.
  8612 | D:6      | Reached skill level 7 in Unarmed Combat
  8612 | D:6      | Reached XP level 9. HP: 24/59 MP: 9/13
  8910 | D:6      | Found a shimmering altar of Xom.
  8911 | D:6      | Found a hazy altar of Hepliaklqana.
  8912 | D:6      | Noticed a spectral ugly thing
  8912 | D:6      | Noticed a tentacled monstrosity
  8912 | D:6      | Noticed a tentacled monstrosity
  9022 | D:6      | Found a sacrificial altar of Ru.
  9022 | D:6      | Found an ancient bone altar of Kikubaaqudgha.
  9062 | D:6      | Identified the amulet "Gegaenn" {Spirit +Fly rPois Dex-5}
                  | (You found it on level 6 of the Dungeon)
  9197 | D:7      | Reached skill level 5 in Transmutations
  9200 | D:7      | Reached skill level 5 in Dodging
 10123 | D:7      | Noticed Menkaure
 10123 | D:7      | Noticed Duvessa
 10537 | D:8      | Reached skill level 5 in Fighting
 10558 | D:8      | Reached skill level 8 in Unarmed Combat
 11014 | D:8      | Reached * piety under Wu Jian
 11146 | D:8      | Found a staircase to the Lair.
 11488 | D:8      | You fall into a shaft and drop 1 floor!
 11508 | D:9      | Reached XP level 10. HP: 68/68 MP: 5/14
 11707 | D:9      | Found a shadowy altar of Dithmenos.
 11710 | D:9      | Noticed Erica
 11720 | D:9      | Reached skill level 9 in Unarmed Combat
 11727 | D:9      | Killed Erica
 12013 | D:8      | Found Livinedu's Armour Emporium.
 12115 | D:8      | Found an opulent altar of Gozag.
 12475 | D:8      | Found a broken altar of Ashenzari.
 12665 | D:9      | Noticed Maurice
 12673 | D:9      | Killed Maurice
 13736 | D:10     | Entered Level 10 of the Dungeon
 13811 | D:10     | Found a flagged portal.
 13819 | Bailey   | Entered a bailey
 14322 | Bailey   | Noticed an orc knight
 14573 | D:10     | Reached ** piety under Wu Jian
 14590 | D:10     | Reached skill level 10 in Unarmed Combat
 14681 | D:10     | Learned a level 5 spell: Blade Hands
 14701 | D:10     | Killed an unseen horror
 14960 | D:10     | Noticed a two-headed ogre
 14977 | D:10     | You fall into a shaft and drop 1 floor!
 14978 | D:11     | Noticed a cyclops
 14984 | D:11     | Killed a cyclops
 14985 | D:11     | Reached XP level 11. HP: 46/74 MP: 5/15
 15177 | D:11     | Noticed Fannar
 15188 | D:11     | Killed Fannar
 15388 | D:11     | Found a staircase to the Orcish Mines.
 15732 | D:11     | Noticed a red ugly thing
 15742 | D:11     | Killed a red ugly thing
 15743 | D:11     | Reached skill level 11 in Unarmed Combat
 15966 | D:11     | Noticed a tengu warrior
 16004 | D:11     | Found a transporter.
 16028 | D:11     | Noticed a two-headed ogre
 16543 | D:11     | Noticed a cyan ugly thing
 16630 | D:11     | Noticed a cyclops
 16631 | D:11     | Identified the +5 halberd of the Endless Expanse {flame,
                  | Will+}
 16631 | D:11     | Noticed Ge0ff's ghost (journeyman HuEE)
 16632 | D:11     | Noticed a moth of wrath
 16633 | D:11     | Found a bloodstained altar of Trog.
 16648 | D:11     | Found a transporter.
 16953 | D:10     | Noticed Gastronok
 17440 | D:10     | Found Gomueq's Elemental Accessories.
 17621 | D:10     | Killed Gastronok
 17892 | D:10     | Killed a two-headed ogre
 18305 | D:2      | Killed Sigmund
 18481 | D:4      | Identified Sif Muna's Reference Book on Combat Magic
 18891 | D:7      | Killed Menkaure
 18891 | D:7      | Reached *** piety under Wu Jian
 19105 | D:7      | Noticed Dowan
 19113 | D:7      | Killed Dowan
 19115 | D:7      | Killed Duvessa
 19207 | Lair:1   | Entered Level 1 of the Lair of Beasts
 19280 | D:11     | Killed a cyan ugly thing
 19281 | D:11     | Reached XP level 12. HP: 83/83 MP: 11/16
 19362 | D:11     | Killed a tengu warrior
 19498 | D:11     | Killed a two-headed ogre
 19499 | D:11     | Reached skill level 12 in Unarmed Combat
 19680 | D:12     | Found Fysuedomn's Antique Armour Boutique.
 20795 | D:12     | Reached **** piety under Wu Jian
 22197 | D:12     | Noticed a two-headed ogre
 22209 | D:12     | Killed a two-headed ogre
 22844 | D:12     | Found Fysuedomn's Antique Armour Boutique.
 23022 | Lair:1   | Reached skill level 13 in Unarmed Combat
 23244 | Lair:1   | Noticed an eight-headed hydra
 23253 | Lair:1   | Noticed a boulder beetle
 23764 | Lair:1   | Reached XP level 13. HP: 90/90 MP: 13/17
 24379 | Lair:2   | Found a hole to the Spider Nest.
 24938 | Lair:2   | Reached skill level 10 in Dodging
 25113 | Lair:2   | Reached skill level 10 in Transmutations
 26055 | Lair:3   | Reached skill level 10 in Fighting
 26221 | Lair:3   | Reached skill level 14 in Unarmed Combat
 26245 | Lair:3   | Reached ***** piety under Wu Jian
 27146 | Lair:4   | Found a gate leading to a gauntlet.
 27174 | Lair:4   | Found a transporter.
 27180 | Lair:4   | Found a bloodstained altar of Trog.
 27191 | Lair:4   | Noticed bmj180's ghost (journeyman DrCj)
 27206 | Lair:4   | Identified the cursed +2 spear "Emaehamo" {vorpal, rN+
                  | Will+}
 27387 | Gauntlet | Entered a Gauntlet
 27387 | Gauntlet | Found a transporter.
 27387 | Gauntlet | Found a transporter.
 27537 | Gauntlet | Found a transporter.
 27540 | Gauntlet | Found a transporter.
 27540 | Gauntlet | Found a transporter.
 27540 | Gauntlet | Found a transporter.
 27543 | Gauntlet | Noticed a cacodemon
 27550 | Gauntlet | Found a transporter.
 27554 | Gauntlet | Found a transporter.
 27566 | Gauntlet | Found a transporter.
 27569 | Gauntlet | Found a transporter.
 27591 | Gauntlet | Found a transporter.
 27593 | Gauntlet | Found a transporter.
 28273 | Gauntlet | Got a transparent pewter ring
 28278 | Gauntlet | Identified the ring "Atrejoyp" {rN+ Int-3 Dex+2 Slay+2}
                  | (You found it in a Gauntlet)
 28282 | Gauntlet | Reached XP level 14. HP: 99/99 MP: 18/18
 28301 | Gauntlet | Reached skill level 15 in Unarmed Combat
 28301 | Gauntlet | Reached XP level 15. HP: 73/105 MP: 10/19
 28696 | Lair:4   | Found a transporter.
 29301 | Lair:4   | Found a staircase to the Shoals.
 30882 | Lair:6   | Entered Level 6 of the Lair of Beasts
 31847 | Lair:6   | Reached skill level 16 in Unarmed Combat
 32650 | Lair:6   | Reached ****** piety under Wu Jian
 33073 | Lair:6   | Identified Pulept's Papyrus of Translocation
 33362 | Lair:6   | Reached XP level 16. HP: 94/114 MP: 11/20
 33639 | Lair:6   | Found a staircase to the Slime Pits.
 34352 | D:11     | Killed Ge0ff's ghost
 36826 | D:13     | Found Bokken's Distillery.
 36898 | D:13     | Bought a potion of lignification for 42 gold pieces
 37168 | D:13     | Found a runed translucent door.
 38630 | D:13     | Reached skill level 17 in Unarmed Combat
 39495 | D:13     | Got a sparkling golden ring
 39510 | D:13     | Identified the ring "Zooceri" {rC+ Stlth+} (You found it on
                  | level 13 of the Dungeon)
 39952 | D:14     | Found a gate to the Vaults.
 41165 | Orc:1    | Entered Level 1 of the Orcish Mines
 41165 | Orc:1    | Found Cofanidgh's Book Emporium.
 41993 | Orc:1    | You fall into a shaft and drop 1 floor!
 41993 | Orc:2    | Entered Level 2 of the Orcish Mines
 41995 | Orc:2    | Noticed Sonja
 42576 | Orc:1    | Reached XP level 17. HP: 110/121 MP: 16/21
 44008 | Orc:2    | Found a staircase to the Elven Halls.
 44317 | Orc:2    | Killed Sonja
 45428 | Orc:2    | Found Plog's Gadget Boutique.
 45428 | Orc:2    | Found Neor's Magic Scroll Emporium.
 45430 | Orc:2    | Found Allid's Distillery.
 45430 | Orc:2    | Found Acoso's Distillery.
 45798 | D:15     | Entered Level 15 of the Dungeon
 45798 | D:15     | Found a runed translucent gate.
 45798 | D:15     | Found a runed translucent gate.
 45798 | D:15     | Found a runed translucent gate.
 45798 | D:15     | Noticed Kirke
 45913 | D:14     | Killed Kirke
 46083 | D:15     | Noticed an Executioner
 46083 | D:15     | Noticed Zam Nuan's ghost (journeyman GnFi)
 46087 | D:15     | HP: 1/123 [Executioner[a Zot trap] (6)]
 46088 | D:15     | Slain by an Executioner

Illustrated notes

Levels and vault maps discovered:
D:1:      dpeg_arrival_caged_fury, layout_loops_ring, minmay_misc_feat_roman,
          minmay_pentomino_s4
D:2:      layout_basic, grunt_temple_overflow_order_and_chaos_2,
          old_standard_altar, chequers_mini_garden, uniq_sigmund
D:3:      layout_basic, eat_drink_and_be_merry_uskayaw,
          chequers_ecumenical_altar_simple_redux, tso_altar
D:4:      layout_cave_pools, grunt_temple_overflow_bloody_war, led_sif_book,
          kennysheep_generic_room_9
D:5:      minmay_diamond_boxcup, layout_rooms, uniq_crazy_yiuf_cottage
D:6:      layout_cave_pools, regret_index_temple_of_mockery,
          gammafunk_temple_overflow_pools, minmay_temple_entry_poolview,
          minmay_hollow_rounded_squares
D:7:      layout_basic, uniq_menkaure, uniq_duvessa
D:8:      layout_basic, marbit_many_paths, lemuel_coloured_pillars_altar,
          erik_lair_orcish_takeover, serial_shops, kennysheep_mini_moat
D:9:      layout_basic, nicolae_dithmenos_through_a_glass_darkly, uniq_erica,
          uniq_maurice
D:10:     layout_loops_ring, enter_bailey_1, nicolae_elemental_shop,
          chequers_serial_rivers_micro_e, corner_web_ring,
          kennysheep_small_circle, uniq_gastronok
D:11:     layout_roguey, david_orc_2, gammafunk_ghost_wrathful_warriors,
          uniq_fannar
D:12:     layout_long_grid, serial_shops, shop
D:13:     gammafunk_mikee_crab_dinner, layout_loops_corners,
          kennysheep_windowed_goal
D:14:     layout_roguey, david_vaults_2, minmay_crystal_room, dk_noncrumbling_3,
          pf_eden
D:15:     gammafunk_depths_entry_grave, layout_rooms, minmay_strange_pillars,
          basic_altar, gammafunk_ghost_tricky_traps, uniq_kirke
Temple:   corrupted_temple
Lair:1:   layout_roguey, nicolae_quartered_pool_little, nzn_sisyphean_effort
Lair:2:   layout_misc_corridors, dummy_spider_entry, infiniplex_staircase_pool,
          serial_bayou_shore_b, serial_bayou_shore_a
Lair:3:   layout_gridlike
Lair:4:   layout_roguey, elwin_shoals_entry_rooms, gauntlet_entry_generic,
          gammafunk_ghost_wrathful_warriors, grunt_forest_large_clearings
Lair:5:   layout_gridlike, lemuel_fruit_fields
Lair:6:   gammafunk_lair_ancient_temple, layout_regular_city,
          dpeg_slime_entry_corner, infiniplex_staircase_pool_2
Orc:1:    layout_caves, serial_shops, shop
Orc:2:    grunt_orc_tribal_feast, layout_caves, nooodl_orcs_dogs, uniq_sonja

Skill      XL: |  1  2  3  4  5  6  7  8  9 10 11 12 13 14 15 16 17 |
---------------+----------------------------------------------------+-----
Unarmed Combat | 4 5 7 8 10 11 13 14 15 16 17 | 17.9
Fighting       | 2 3 4 5 6 8 9 10 12 13 | 13.2
Dodging        | 3 4 5 7 8 9 11 12 13 | 13.3
Transmutations | 3 4 6 7 8 9 11 12 13 | 13.2
Spellcasting   | 3 |  3.0
Ice Magic      | 1 2 3 |  3.0
Evocations     | 2 3 |  3.0

Action                   |  1- 3 |  4- 6 |  7- 9 | 10-12 | 13-15 | 16-18 || total
-------------------------+-------+-------+-------+-------+-------+-------++-------
Melee: Unarmed           |    62 |   142 |   353 |   561 |   531 |   551 ||  2200
       Constrict         |    13 |    29 |    44 |    19 |    28 |    95 ||   228
       Tentacles         |    10 |    14 |    28 |    28 |    38 |    76 ||   194
       Kick              |     5 |    23 |    34 |     1 |     1 |       ||    64
       Punch             |     1 |     2 |     9 |     8 |    39 |    46 ||   105
 Cast: Beastly Appendage |    17 |    23 |    41 |     1 |     2 |       ||    84
       Spider Form       |     1 |     3 |    11 |     8 |       |       ||    23
       Ice Form          |       |       |    12 |    61 |    31 |     1 ||   105
       Blade Hands       |       |       |       |    11 |    43 |    90 ||   144
Invok: Lunge             |       |       |     8 |    48 |    30 |    49 ||   135
       Whirlwind         |       |       |       |    12 |     7 |    16 ||    35
Evoke: Wand              |       |       |       |       |     4 |       ||     4
  Use: Scroll            |       |     6 |    12 |    15 |     6 |     6 ||    45
       Potion            |       |     2 |     1 |     2 |     6 |     2 ||    13
 Stab: Sleeping          |     6 |       |     8 |       |     1 |     4 ||    19
       Distracted        |       |       |       |       |     3 |     1 ||     4
       Invisible         |       |       |       |       |     1 |     3 ||     4
Armor: Skin              |     1 |    19 |    27 |    52 |    51 |    18 ||   168
Dodge: Dodged            |    39 |   106 |   207 |   428 |   289 |   422 ||  1491

Table legend: (Time is in decaauts)
 A = Elapsed time spent in this place.
 B = Non-inter-level travel time spent in this place.
 C = Inter-level travel time spent in this place.
 D = Time resting spent in this place.
 E = Time spent auto-exploring this place.
 F = Levels seen in this place.
 G = Mean time per level.
                   A        B        C        D        E       F      G
               +--------+--------+--------+--------+--------+-----+--------+
         Total |  45707 |  43553 |   2154 |  10990 |  27055 |  26 | 1758.0 |
       Dungeon |  29118 |  27506 |   1612 |   6098 |  18067 |  15 | 1941.2 |
        Temple |    103 |     92 |     11 |      0 |     87 |   1 |  103.0 |
          Lair |  10931 |  10524 |    407 |   2776 |   6483 |   6 | 1821.8 |
  Orcish Mines |   3824 |   3701 |    123 |   1132 |   2040 |   2 | 1912.0 |
        Bailey |    695 |    695 |      0 |    288 |    231 |   1 |  695.0 |
      Gauntlet |   1034 |   1034 |      0 |    696 |    147 |   1 | 1034.0 |
               +--------+--------+--------+--------+--------+-----+--------+

Top non-repeatable levels by time:
    D:11: 4138 daAuts
    D:13: 3985 daAuts
    D:12: 2418 daAuts
  Lair:1: 2365 daAuts
  Lair:6: 2249 daAuts
     D:1: 2046 daAuts
     D:7: 1982 daAuts
   Orc:2: 1969 daAuts
    D:10: 1963 daAuts
     D:2: 1875 daAuts
   Orc:1: 1855 daAuts
  Lair:4: 1829 daAuts
    D:14: 1753 daAuts
     D:9: 1724 daAuts
  Lair:5: 1697 daAuts
